 Dungeon Crawl Stone Soup version 0.30-a0-718-geaa24f58ff (webtiles) character file.

Game seed: 8650606210475173859

43 ASSMAN the Ruffian (level 3, -3/29 HPs)
             Began as a Demonspawn Berserker on Jan 25, 2023.
             Was a Follower of Trog.
             Slain by a hobgoblin (7 damage)
             ... led by Robin
             ... on level 2 of the Dungeon.
             The game lasted 00:01:11 (898 turns).

ASSMAN the Ruffian (Demonspawn Berserker)            Turns: 898, Time: 00:01:11

Health: -3/29      AC:  2    Str: 19    XL:     3   Next: 37%
Magic:  3/3        EV: 12    Int:  8    God:    Trog [*.....]
Gold:   96         SH:  0    Dex: 12    Spells: 2/2 levels left

rFire   . . .      SeeInvis .      - Unarmed
rCold   . . .      Faith    .    (no shield)
rNeg    . . .      Spirit   .    a - +0 animal skin
rPois   .          Reflect  .    (no helmet)
rElec   .          Harm     .    (no cloak)
rCorr   .          Rampage  .    (no gloves)
Will    .....                    (no boots)
Stlth   +                        (no amulet)
HPRegen 0.24/turn                (no ring)
MPRegen 0.08/turn                (no ring)

@: on berserk cooldown, slowed, very slow
A: foul stench 1
a: Renounce Religion, Berserk


You were on level 2 of the Dungeon.
You worshipped Trog.
Trog was aware of your devotion.
You visited 1 branch of the dungeon, and saw 2 of its levels.

You collected 96 gold pieces.

Inventory:

Armour
 a - a +0 animal skin (worn)
Scrolls
 c - a scroll of acquirement {unknown}
 d - a scroll of fear {unknown}
 e - a scroll of teleportation {unknown}
Potions
 f - a potion of might {unknown}
 g - a potion of lignification {unknown}


   Skills:
 - Level 3.0 Fighting
 - Level 1.7 Armour
 - Level 1.7 Dodging
 + Level 4.1 Unarmed Combat


You had 2 spell levels left.
You didn't know any spells.
Your spell library contained the following spells:

 Spells                   Type           Power      Damage    Failure   Level
 Magic Dart               Conj           0%         1d3       41%         1
 Call Imp                 Summ           0%         N/A       54%         2
 Kindle Blastsparks       Fire/Tloc/Air  0%         2d10      78%         3
 Mephitic Cloud           Conj/Pois/Air  0%         N/A       78%         3
 Fulminant Prism          Conj/Hex       0%         3d5       99%         4
 Iskenderun's Mystic Bla  Conj/Tloc      0%         2d3       99%         4
 Lee's Rapid Deconstruct  Erth           0%         3d4*      100%        5


Dungeon Overview and Level Annotations

Branches:
Dungeon (2/15)

Altars:
Okawaru

Annotations:
D:2 Robin


Innate Abilities, Weirdness & Mutations

You may rarely emit foul miasma when damaged in melee.


Message History

You kill the jackal!
Trog accepts your kill.
You punch the kobold!
You kill the kobold!
Trog accepts your kill.
Things that are here:
a +0 dagger; 2 stones; a jackal corpse 2 hobgoblins and a goblin come into view.
You feel a strong urge to attack something.
The hobgoblin shouts! x2; You hear a shout!
A goblin and a hobgoblin come into view.
You are no longer berserk.
You are exhausted.
You feel yourself slow down.
The goblin shouts!
The hobgoblin shouts!
You hear a shout!
A hobgoblin comes into view.
A goblin comes into view. It is wielding a +0 dagger.
Robin hits you with a +0 trident.
You barely miss Robin.
The goblin shouts!
Robin roars a battlecry!
The goblins go into a battle-frenzy!
The hobgoblin hits you.
You hit Robin.
Robin is moderately wounded.
Robin barely misses you. The hobgoblin misses you.
Robin hits you with a +0 trident. The hobgoblin barely misses you.
Robin throws the goblin at you! The goblin hits you with a +0 dagger.
* * * LOW HITPOINT WARNING * * *
The hobgoblin attacks as you move away! The hobgoblin barely misses you. x2
Robin hits you but does no damage. The goblin hits you with a +0 dagger.
* * * LOW HITPOINT WARNING * * *
Things that are here:
a +0 dagger; 2 stones; a jackal corpse The hobgoblin attacks as you move away!
The hobgoblin misses you.
It was a potion of magic.
Magic courses through your body. Robin throws the goblin at you!
* * * LOW HITPOINT WARNING * * *
The goblin misses you. The hobgoblin hits you!
You die...

........... ## ..)........
... . ######..... .... .
#..._.. .?..####
.#######...... ...#..
............. #...#
#...........#
#..#####...........#
#.@g..#...........#
..#######g###....#.####...#
.^.....ggg# ####...####...#
......gggg# ##.....#...#
..........# #...#.#...#
............ ###...#.#.#
...$.........########......
.............#.....)†##..##
............##.......##..#


You could see Robin, 5 hobgoblins and 3 goblins.

Vanquished Creatures
  An adder (D:2)
  A dart slug (D:1)
  3 ball pythons
  3 endoplasms
  3 goblins
  4 hobgoblins
  6 jackals
  A quokka (D:1)
  2 bats (D:1)
  A frilled lizard (D:1)
  A kobold (D:2)
  3 rats (D:1)
29 creatures vanquished.

Notes
Turn   | Place    | Note
-------+----------+-------------------------------------------
     0 | D:1      | ASSMAN the Demonspawn Berserker began the quest for the
                  | Orb.
     0 | D:1      | Reached XP level 1. HP: 18/18 MP: 1/1
    80 | D:1      | Reached skill level 3 in Unarmed Combat
   161 | D:1      | Found a faded altar of an unknown god.
   175 | D:1      | Gained mutation: You may rarely emit foul miasma when
                  | damaged in melee. [demonic ancestry]
   175 | D:1      | Reached XP level 2. HP: 24/24 MP: 2/2
   679 | D:2      | Found an iron altar of Okawaru.
   813 | D:2      | Reached skill level 4 in Unarmed Combat
   813 | D:2      | Reached XP level 3. HP: 29/29 MP: 3/3
   886 | D:2      | Noticed Robin
   898 | D:2      | Slain by a hobgoblin

Illustrated notes

Levels and vault maps discovered:
D:1:      reono_arrival_mine, layout_rooms, ebering_ecumenical_altar_petrified,
          minmay_misc_feat_tiny, minivault_19
D:2:      layout_basic, basic_altar, uniq_robin

Skill      XL: |  1  2 |
---------------+-------+-----
Unarmed Combat | 3 4 |  4.1
Fighting       | |  3.0
Armour         | |  1.7
Dodging        | |  1.7

Action                     || total
---------------------------++-------
  Melee: Unarmed           ||    90
         Punch             ||     2
 Invoke: Berserk           ||     4
    Use: Potion            ||     1
   Stab: Sleeping          ||     1
 Armour: Animal skin       ||    22
  Dodge: Dodged            ||    60

Table legend: (Time is in decaauts)
 A = Elapsed time spent in this place.
 B = Non-inter-level travel time spent in this place.
 C = Inter-level travel time spent in this place.
 D = Time resting spent in this place.
 E = Time spent auto-exploring this place.
 F = Levels seen in this place.
 G = Mean time per level.
                   A        B        C        D        E       F      G
               +--------+--------+--------+--------+--------+-----+--------+
         Total |    909 |    862 |     47 |    118 |    558 |   2 |  454.5 |
       Dungeon |    909 |    862 |     47 |    118 |    558 |   2 |  454.5 |
               +--------+--------+--------+--------+--------+-----+--------+

Top non-repeatable levels by time:
     D:1: 642 daAuts
     D:2: 267 daAuts
